 Dungeon Crawl Stone Soup version 0.32-a0-981-g384da2ce10 (webtiles) character file.

Game seed: 14710633104954732963

15 protoss039 the Digger (level 2, 19/21 HPs)
             Began as a Demonspawn Earth Elementalist on Apr 20, 2024.
             Got out of the dungeon alive.
             The game lasted 00:00:55 (321 turns).

protoss039 the Digger (DsEE)                         Turns: 321, Time: 00:00:56

Health: 19/21      AC:  5    Str:  8    XL:     2   Next: 34%
Magic:  5/5        EV:  9    Int: 15    God:
Gold:   29         SH:  0    Dex: 13    Spells: 4/5 levels left

rFire   . . .        e - +0 spear
rCold   . . .        (no shield)
rNeg    . . .        f - +0 ring mail
rPois   .            (no helmet)
rElec   .            (no cloak)
rCorr   .            (no gloves)
SInv    .            (no boots)
Will    .....        (no amulet)
Stlth   +            (no ring)
HPRegen 0.23/turn    (no ring)
MPRegen 0.09/turn

%: no passive effects
@: no status effects
A: spiny 1
a: no special abilities


You escaped.
You visited 1 branch of the dungeon, and saw 1 of its levels.

You collected 29 gold pieces.

Inventory:

Hand Weapons
 c - a +0 short sword
 d - a +0 dagger
 e - a +0 spear (weapon)
Armour
 a - a +0 robe
 f - a +0 ring mail (worn)
Scrolls
 g - a scroll of amnesia {unknown}
 h - a scroll of blinking {unknown}
Potions
 b - a potion of magic


   Skills:
 + Level 1.0 Fighting
 + Level 0.1 Armour
 - Level 1.7 Dodging
 - Level 1.7 Stealth
 + Level 2.2 Spellcasting
 + Level 1.1 Conjurations
 + Level 2.9 Earth Magic


You had 4 spell levels left.
You knew the following spells:

 Your Spells              Type           Power      Damage    Failure   Level
a - Sandblast             Erth           20%        2d7       21%         1

Your spell library contained the following spells:

 Spells                   Type           Power      Damage    Failure   Level
 Passwall                 Erth           10%        N/A       52%         3
 Stone Arrow              Conj/Erth      14%        3d7       65%         3
 Tukima's Dance           Hex            1%         N/A       90%         3
 Brom's Barrelling Bould  Conj/Erth      7%         2d3       96%         4
 Petrify                  Alch/Erth      6%         N/A       98%         4
 Passage of Golubria      Tloc           1%         N/A       100%        4
 Yara's Violent Unravell  Hex/Alch       0%         3d3       100%        5


Dungeon Overview and Level Annotations

Branches:
Dungeon (1/15) Zot: 5674

Altars:


Innate Abilities, Weirdness & Mutations

You are partially covered in sharp spines.


Message History

You hit the hobgoblin but do no damage. The hobgoblin closely misses you.
A kobold comes into view. It is wielding a +0 whip.
You barely miss the hobgoblin. The hobgoblin is struck by your spines.
The hobgoblin hits you.
You hit the hobgoblin but do no damage.
The hobgoblin is lightly wounded.
The hobgoblin is struck by your spines. The hobgoblin barely misses you.
You hit the hobgoblin but do no damage.
The hobgoblin is severely wounded.
The hobgoblin barely misses you.
You barely miss the hobgoblin.
The hobgoblin is severely wounded.
The hobgoblin is struck by your spines.
You kill the hobgoblin!
The kobold hits you but does no damage.
Casting: Sandblast (safe; 21% risk of failure)
Confirm with . or Enter, or press ? or * to list all spells.
Aiming: Sandblast (safe; 21% risk of failure)
Press: ? - help, Shift-Dir - straight line, f - kobold
Aim: a kobold, wielding a +0 whip (77% to hit)
You miscast Sandblast.
You are very lightly contaminated with residual magic.
Nothing appears to happen.
The kobold hits you with a +0 whip.
Unknown command.
You hit the kobold but do no damage. The kobold hits you with a +0 whip.
* * * LOW HITPOINT WARNING * * *
You hit the kobold but do no damage. The kobold is struck by your spines.
The kobold hits you but does no damage.
You hit the kobold but do no damage.
The kobold is severely wounded.
The kobold hits you but does no damage.
You hit the kobold.
You kill the kobold!
Your Fighting skill increases to level 1!
Things that are here:
a +0 whip; a kobold corpse Your magical contamination has completely faded away.
There is an open door here.
There is a staircase leading out of the dungeon here.
You have escaped!

#############
###>~~≈≈≈≈≈~~>####
#.##..~~≈≈≈..##...
#@.###.~~~.###....
#....###~###.....(
##.....#'#.....###
##...........##
###.......###
###...### ##'##
#.# #.#


There were no monsters in sight!

Vanquished Creatures
  3 bats (D:1)
  2 goblins (D:1)
  2 hobgoblins (D:1)
  2 jackals (D:1)
  A kobold (D:1)
  A quokka (D:1)
  A ball python (D:1)
  A rat (D:1)
13 creatures vanquished.

Notes
Turn   | Place    | Note
-------+----------+-------------------------------------------
     0 | D:1      | protoss039 the Demonspawn Earth Elementalist began the
                  | quest for the Orb.
     0 | D:1      | Reached XP level 1. HP: 13/13 MP: 3/3
   234 | D:1      | Gained mutation: You are partially covered in sharp spines.
                  | [demonic ancestry]
   234 | D:1      | Reached XP level 2. HP: 9/20 MP: 1/5
   260 | D:1      | Reached skill level 1 in Fighting
   321 | D:$      | Got out of the dungeon alive.

Illustrated notes

Levels and vault maps discovered:
D:1:      evilmike_arrival_crescent, layout_loops_ring, minmay_pentomino_o2

Skill      XL: |  1  2 |
---------------+-------+-----
Fighting       | 1 |  1.0
Armour         | |  0.1
Dodging        | |  1.7
Stealth        | |  1.7
Spellcasting   | |  2.2
Conjurations   | |  1.1
Earth Magic    | |  2.9

Action                     || total
---------------------------++-------
  Melee: Spear             ||    23
         Dagger            ||     2
   Cast: Sandblast         ||     6
   Stab: Sleeping          ||     1
 Armour: Ring mail         ||    20
  Dodge: Dodged            ||    14

Table legend: (Time is in decaauts)
 A = Elapsed time spent in this place.
 B = Non-inter-level travel time spent in this place.
 C = Inter-level travel time spent in this place.
 D = Time resting spent in this place.
 E = Time spent auto-exploring this place.
 F = Levels seen in this place.
 G = Mean time per level.
                   A        B        C        D        E       F      G
               +--------+--------+--------+--------+--------+-----+--------+
         Total |    325 |    243 |     82 |      0 |    141 |   1 |  325.0 |
       Dungeon |    325 |    243 |     82 |      0 |    141 |   1 |  325.0 |
               +--------+--------+--------+--------+--------+-----+--------+

Top non-repeatable levels by time:
     D:1: 325 daAuts
